 Dungeon Crawl Stone Soup version 0.30-a0-219-gf2db51d15e (webtiles) character file.

Game seed: 3917404016212556593

16573 mopl the Marksoctopus (level 12, -1/70 HPs)
             Began as an Octopode Brigand on Oct 2, 2022.
             Was a High Priest of Dithmenos.
             Slain by a yak (16 damage)
             ... on level 11 of the Dungeon on Oct 6, 2022.
             The game lasted 00:21:34 (9234 turns).

mopl the Marksoctopus (Octopode Brigand)            Turns: 9234, Time: 00:21:35

Health: -1/70      AC:  5    Str: 10    XL:     12   Next: 38%
Magic:  23/23      EV: 13    Int: 16    God:    Dithmenos [*****.]
Gold:   555        SH:  0    Dex: 16    Spells: 11/11 levels left

rFire   . . .      SeeInvis .    a - +9 triple crossbow of the Hills {elec, Stlth+}
rCold   . . .      Faith    .    (shield currently unavailable)
rNeg    + + +      Spirit   .    (helmet restricted)
rPois   .          Reflect  .    S - amulet "Yrucoado" {Fragile rN+++ Regen+ rCorr Stlth+}
rElec   .          Harm     .    i - ring of magical power
rCorr   +          Rampage  .    s - +4 ring of protection
Will    .....                    (no ring) Stlth **++++++++
                                 (no ring)
HPRegen 1.11/turn                (no ring)
MPRegen 0.18/turn                (no ring)
                                 (no ring)
                                 (no ring)

@: wreathed by umbra
A: almost no armour, amphibious, 8 rings, camouflage 1, gelatinous body 1,
(nimble swimmer 1), tentacles
a: Renounce Religion, Shadow Step, Shadow Form


You were on level 11 of the Dungeon.
You worshipped Dithmenos.
Dithmenos was extremely pleased with you.
You visited 2 branches of the dungeon, and saw 12 of its levels.
You also visited: Sewer and Bailey.

You collected 1163 gold pieces.
You spent 608 gold pieces at shops.

Inventory:

Hand Weapons
 a - the +9 triple crossbow of the Hills (weapon) {elec, Stlth+}
   (You found it on level 5 of the Dungeon)

   Any ammunition fired from it occasionally discharges a powerful burst of
   electricity upon striking a foe.
   Stlth:     It makes you more stealthy.
 b - a +2 dagger of venom
 r - a +0 dagger of speed
 v - a +2 short sword of venom
 B - a +2 dagger of draining
 E - a +4 scimitar
Missiles
 c - 14 curare-tipped darts
 D - 5 datura-tipped darts
 F - 3 throwing nets
 H - 81 poisoned darts
 K - 3 boomerangs
Jewellery
 i - a ring of magical power (left tentacle)
 s - a +4 ring of protection (right tentacle)
 S - the amulet "Yrucoado" (around mantle) {Fragile rN+++ Regen+ rCorr Stlth+}
   (You bought it in a shop on level 3 of the Dungeon)

   [amulet of regeneration]

   rN:        It renders you almost immune to negative energy.
   Regen:     It increases your rate of health regeneration.
   rCorr:     It protects you from acid and corrosion.
   Fragile:   It will be destroyed if unequipped.
   Stlth:     It makes you more stealthy.
Wands
 x - a wand of paralysis (7)
 y - a wand of flame (68)
 R - a wand of mindburst (8)
 T - a wand of iceblast (8)
Scrolls
 e - 2 scrolls of silence {unknown}
 g - 2 scrolls of fog {unknown}
 l - 2 scrolls of vulnerability {unknown}
 m - a scroll of magic mapping {unknown}
 n - 2 scrolls of blinking {unknown}
 o - 3 scrolls of poison {unknown}
 p - 2 scrolls of immolation {unknown}
 q - 3 scrolls of enchant weapon {unknown}
 u - 2 scrolls of summoning {unknown}
 z - 3 scrolls of amnesia {unknown}
 A - 4 scrolls of enchant armour {unknown}
 C - a scroll of brand weapon {unknown}
 G - 7 scrolls of teleportation
 M - 2 scrolls of noise {unknown}
 N - 2 scrolls of fear {unknown}
 O - a scroll of torment {!r}
Potions
 d - 2 potions of flight
 f - a potion of lignification {!q}
 h - 4 potions of mutation {!q}
 j - 3 potions of brilliance
 k - 3 potions of ambrosia
 t - 9 potions of heal wounds
 w - 2 potions of cancellation
 I - a potion of curing
 J - 3 potions of resistance
 L - a potion of haste
 P - 3 potions of invisibility
 Q - a potion of might


   Skills:
 - Level 2.0 Fighting
 - Level 5.2 Short Blades
 + Level 16.8 Ranged Weapons
 - Level 5.3 Throwing
 - Level 1.0 Dodging
 - Level 8.9 Stealth
 - Level 3.6 Invocations
 - Level 4.2 Evocations


You had 11 spell levels left.
You didn't know any spells.
Your spell library contained the following spells:

 Spells                   Type           Power      Damage    Failure   Level
 Static Discharge         Conj/Air       0%         2-2/arc   36%         2
 Ignite Poison            Fire/Tmut/Pois 0%         N/A       58%         3
 Kindle Blastsparks       Fire/Tloc/Air  0%         2d10      58%         3
 Summon Guardian Golem    Hex/Summ       0%         N/A       58%         3
 Vhi's Electric Charge    Tloc/Air       0%         N/A       58%         3
 Arcjolt                  Conj/Air       0%         1d10      100%        5
 Freezing Cloud           Conj/Ice/Air   0%         6-21      100%        5
 Lightning Bolt           Conj/Air       0%         1d11      100%        5
 Orb of Destruction       Conj           0%         9d5       100%        7
 Spellforged Servitor     Conj/Summ      0%         N/A       100%        7


Dungeon Overview and Level Annotations

Branches:
Dungeon (11/15)            Temple (1/1) D:4            Lair (0/5) D:10
  Sewer (visited)          Bailey (visited)
    Orc: D:9-12

Altars:
Ashenzari
Cheibriados
Dithmenos
Elyvilon
Fedhas
Gozag
Hepliaklqana
Kikubaaqudgha
Makhleb
Nemelex Xobeh
Okawaru
Qazlal
Sif Muna
Trog
Uskayaw
Vehumet
Wu Jian
Xom
Yredelemnul
Zin
The Shining One

Shops:
D:3 =   D:9 [


Innate Abilities, Weirdness & Mutations

You cannot wear most types of armour.
You are amphibious.
You can wear up to eight rings at the same time.
Your skin changes colour to match your surroundings (Stealth+).
Your rubbery body absorbs attacks. (AC +1, EV +1)
((You are camouflaged when in or above water. (Stealth+)))
You have tentacles for arms and can constrict up to eight enemies at once.


Message History

The yak gores you! The yak barely misses you.
You shoot a bolt. The bolt hits the yak.
The yak is almost dead.
The yak gores you but does no damage.
You shoot a bolt. The bolt hits the yak!
Lightning courses through the yak!
You kill the yak!
Dithmenos accepts your kill. The troll bites you! The troll claws you! x2
You are too injured to fight recklessly!
You are too injured to fight recklessly!
You are too injured to fight recklessly!
Fire: a) +9 triple crossbow of the Hills {elec, Stlth+}
Press: ? - help, Q - select action, (/) - cycle Shift-Dir - straight line, f - troll
Aim: a troll (umbra, 73% to hit)
You shoot a bolt. The bolt hits the troll!!
The troll is severely wounded.
The troll closely misses you. The troll claws you! The troll misses you.
Fire: a) +9 triple crossbow of the Hills {elec, Stlth+}
Press: ? - help, Q - select action, (/) - cycle Shift-Dir - straight line, f/p - troll
Aim: a troll (heavily wounded, umbra, 73% to hit)
You shoot a bolt. The bolt hits the troll!!
You kill the troll!
Dithmenos accepts your kill.
Your shadow shoots a bolt.
The yak gores you!
* * * LOW HITPOINT WARNING * * *
Fire: a) +9 triple crossbow of the Hills {elec, Stlth+}
Press: ? - help, Q - select action, (/) - cycle Shift-Dir - straight line, f - yak
Aim: a yak (umbra, 80% to hit)
You shoot a bolt. The bolt hits the yak!!
The yak is heavily wounded.
The yak misses you.
Fire: a) +9 triple crossbow of the Hills {elec, Stlth+}
Press: ? - help, Q - select action, (/) - cycle Shift-Dir - straight line, f/p - yak
Aim: a yak (heavily wounded, umbra, 80% to hit)
You shoot a bolt. The bolt barely misses the yak.
The bolt hits the yak!!
The yak is severely wounded.
Your shadow shoots a bolt.
The bolt hits the yak.
The yak barely misses you. The yak gores you!
You die...

###
#.#
..#
#.##
..#
#..#
..#
##.#
..#
#.#
..#
#.#
..#
#.#
..#
#.#
..#
#@#
..#
#Y##
..#
#Y.#
+##
##.#
#.#
#.#
#'#
...
.[..#


You could see 2 yaks.

Vanquished Creatures
  2 vault guards (Bailey)
  A two-headed ogre (D:10)
  Lodul (D:10)
  An ugly thing (D:11)
  3 cyclopes
  A manticore (D:8)
  An elephant (D:10)
  A gargoyle (D:8)
  Psyche (D:8)
  2 kobold demonologists
  3 trolls
  Prince Ribbit (Bailey)
  A vampire (D:7)
  A wyvern (D:10)
  6 humans (Bailey)
  8 yaks
  4 vampire mosquitoes (D:10)
  Menkaure (D:7)
  The ghost of Shym the Magician, an amateur GnHW (D:3)
  4 ice beasts
  A sky beast (D:7)
  9 orc warriors
  4 black bears
  9 ogres
  2 centaurs
  2 phantoms
  15 kobold brigands
  15 bullfrogs
  3 scorpions
  15 wights
  3 killer bees (D:10)
  8 howler monkeys
  3 hounds
  An orc priest (D:9)
  2 jellies
  Jessica (D:2)
  2 iguanas
  11 orc wizards
  Robin (D:1)
  3 gnolls
  10 adders
  2 river rats
  A shadow imp (D:7)
  An ufetubus (D:6)
  7 worms
  4 dart slugs
  68 orcs
  7 ball pythons
  8 bats
  14 endoplasms
  5 giant cockroaches
  25 goblins
  20 hobgoblins
  6 jackals
  6 quokkas
  4 frilled lizards
  29 kobolds
  10 rats
381 creatures vanquished.

Vanquished Creatures (others)
  A fungus (D:10)
1 creature vanquished.

Grand Total: 382 creatures vanquished

Notes
Turn   | Place    | Note
-------+----------+-------------------------------------------
     0 | D:1      | mopl the Octopode Brigand began the quest for the Orb.
     0 | D:1      | Reached XP level 1. HP: 14/14 MP: 1/1
   219 | D:1      | Reached XP level 2. HP: 13/19 MP: 2/2
   383 | D:1      | Found a faded altar of an unknown god.
   665 | D:2      | Reached XP level 3. HP: 23/24 MP: 3/3
   684 | D:2      | You fall into a shaft and drop 2 floors!
   746 | D:3      | Found a runed translucent door.
   747 | D:3      | Noticed Shym's ghost (amateur GnHW)
   747 | D:3      | Noticed a bullfrog
   764 | D:3      | Found Soniacy's Jewellery Shop.
   835 | D:2      | Noticed Jessica
   852 | D:2      | Killed Jessica
   853 | D:2      | Reached skill level 6 in Stealth
   853 | D:2      | Reached XP level 4. HP: 16/29 MP: 4/4
  1003 | D:2      | Noticed Robin
  1016 | D:2      | Reached skill level 3 in Short Blades
  1016 | D:2      | Reached skill level 3 in Throwing
  1117 | D:1      | Killed Robin
  1789 | D:3      | Reached XP level 5. HP: 32/34 MP: 5/5
  1921 | D:3      | Found a runed translucent door.
  2414 | D:4      | Reached skill level 7 in Stealth
  2414 | D:4      | Reached skill level 1 in Evocations
  2444 | D:4      | Reached XP level 6. HP: 39/39 MP: 6/6
  2644 | D:4      | Found a staircase to the Ecumenical Temple.
  2653 | Temple   | Entered the Ecumenical Temple
  2681 | Temple   | Became a worshipper of Dithmenos the Shadowed
  2706 | D:4      | Reached skill level 4 in Short Blades
  2706 | D:4      | Reached skill level 4 in Throwing
  2706 | D:4      | Reached skill level 2 in Evocations
  2815 | D:4      | Reached skill level 1 in Invocations
  2815 | D:4      | Reached XP level 7. HP: 30/45 MP: 7/7
  2873 | D:4      | Found a glowing silver altar of Zin.
  3032 | D:5      | Entered Level 5 of the Dungeon
  3067 | D:5      | Reached skill level 8 in Stealth
  3067 | D:5      | Reached skill level 2 in Invocations
  3067 | D:5      | Reached skill level 3 in Evocations
  3190 | D:5      | Reached XP level 8. HP: 42/50 MP: 10/10
  3380 | D:5      | Reached skill level 5 in Throwing
  3380 | D:5      | Reached skill level 3 in Invocations
  3388 | D:5      | Reached skill level 5 in Short Blades
  3562 | D:5      | Identified the +9 triple crossbow of the Hills {elec,
                  | Stlth+}
  3602 | D:5      | Reached skill level 4 in Evocations
  3722 | D:5      | Reached * piety under Dithmenos
  3959 | D:5      | Reached skill level 1 in Ranged Weapons
  4008 | D:6      | Reached skill level 2 in Ranged Weapons
  4037 | D:6      | Reached ** piety under Dithmenos
  4050 | D:6      | Reached skill level 3 in Ranged Weapons
  4051 | D:6      | Upgraded the game from 0.30-a0-177-g1cb5dbfd7a to
                  | 0.30-a0-218-gedb9141078
  4063 | D:6      | Found a glowing drain.
  4069 | Sewer    | Entered a sewer
  4168 | Sewer    | Reached skill level 4 in Ranged Weapons
  4168 | Sewer    | Reached XP level 9. HP: 54/54 MP: 11/11
  4382 | Sewer    | Reached skill level 5 in Ranged Weapons
  4534 | Sewer    | Reached skill level 6 in Ranged Weapons
  4619 | D:6      | Reached *** piety under Dithmenos
  4734 | D:6      | Reached skill level 7 in Ranged Weapons
  4901 | D:6      | Found a hide-covered altar of Uskayaw.
  4983 | D:7      | Found a flagged portal.
  4998 | Bailey   | Entered a bailey
  5122 | Bailey   | Reached skill level 8 in Ranged Weapons
  5199 | Bailey   | Reached skill level 9 in Ranged Weapons
  5203 | Bailey   | Reached XP level 10. HP: 48/60 MP: 12/12
  5232 | Bailey   | HP: 4/90 [human/+0 war axe (11)]
  5236 | Bailey   | Reached skill level 10 in Ranged Weapons
  5413 | Bailey   | Noticed a vault guard
  5419 | Bailey   | Noticed Prince Ribbit
  5422 | Bailey   | Noticed a vault guard
  5423 | Bailey   | Killed Prince Ribbit
  5439 | Bailey   | Killed a vault guard
  5547 | Bailey   | Killed a vault guard
  5548 | Bailey   | Reached skill level 11 in Ranged Weapons
  5761 | D:7      | Noticed Menkaure
  5765 | D:7      | Killed Menkaure
  6098 | D:7      | Upgraded the game from 0.30-a0-218-gedb9141078 to
                  | 0.30-a0-219-gf2db51d15e
  6113 | D:7      | Reached skill level 12 in Ranged Weapons
  6363 | D:8      | Found a stormy altar of Qazlal.
  6445 | D:8      | Reached XP level 11. HP: 54/64 MP: 13/13
  6456 | D:8      | Found an opulent altar of Gozag.
  6477 | D:8      | Reached **** piety under Dithmenos
  6553 | D:8      | Noticed a cyclops
  6556 | D:8      | HP: 3/64 [cyclops/large rock (38)]
  6557 | D:8      | Killed a cyclops
  6558 | D:8      | Reached skill level 13 in Ranged Weapons
  6806 | D:8      | Noticed a manticore
  6810 | D:8      | Killed a manticore
  7047 | D:8      | Found a basalt altar of Yredelemnul.
  7062 | D:8      | Noticed Psyche
  7064 | D:8      | Killed Psyche
  7174 | D:3      | Bought the amulet "Yrucoado" {Fragile rN+++ Regen+ rCorr
                  | Stlth+} for 608 gold pieces
  7208 | D:3      | Killed Shym's ghost
  7375 | D:8      | Found an ornate altar of the Wu Jian Council.
  7541 | D:9      | Reached skill level 14 in Ranged Weapons
  7909 | D:9      | Found Coluttin's Armour Shop.
  8169 | D:9      | Found a hazy altar of Hepliaklqana.
  8172 | D:9      | Found a blossoming altar of Fedhas.
  8193 | D:9      | Found a shimmering blue altar of Sif Muna.
  8214 | D:10     | Entered Level 10 of the Dungeon
  8216 | D:10     | Reached ***** piety under Dithmenos
  8284 | D:10     | Found a staircase to the Lair.
  8313 | D:10     | Reached skill level 15 in Ranged Weapons
  8410 | D:10     | Noticed a two-headed ogre
  8417 | D:10     | Noticed a cyclops
  8422 | D:10     | Killed a two-headed ogre
  8423 | D:10     | Reached XP level 12. HP: 51/70 MP: 14/14
  8983 | D:10     | Noticed Lodul
  8985 | D:10     | Reached skill level 16 in Ranged Weapons
  8991 | D:10     | Killed Lodul
  9171 | D:11     | Identified the +6 mace of Eternity {venom, rElec}
  9234 | D:11     | Slain by a yak

Illustrated notes

Levels and vault maps discovered:
D:1:      lemuel_arrival_broad_hall, layout_loops_ring,
          ebering_ecumenical_altar_abandoned, corexii_hall_statues_x
D:2:      layout_basic, uniq_robin, uniq_jessica
D:3:      layout_basic, ebering_ghost_sewer_f, serial_shops,
          nicolae_shop_hallway_stairs, nrook_loot_triangle
D:4:      layout_loops_ring, zin_treasury, minmay_temple_entry_wispy
D:5:      corexii_shantytown, layout_cave_pools
D:6:      layout_cave_pools, mainiacjoe_overflow_tiny_flanked,
          gup_sewer_entry_bubbles
D:7:      layout_loops_ring, enter_bailey_6, uniq_menkaure
D:8:      layout_rooms, nicolae_overflow_hidden_temple, grunt_qazlal_clouds,
          dk_noncrumbling_4, minmay_diamond_spiral, uniq_psyche
D:9:      layout_roguey [special_room_orc], grunt_temple_overflow_diamond,
          serial_shops, shop, corexii_hall_statues_l
D:10:     layout_loops_ring, david_lair_generic, blue_anna_alchemist, uniq_lodul
D:11:     layout_roguey, uniq_erolcha
Temple:   nicolae_temple_ecumenical_triangle

Skill      XL: |  1  2  3  4  5  6  7  8  9 10 11 12 |
---------------+-------------------------------------+-----
Stealth        | 6 7 8 |  8.9
Short Blades   | 3 4 5 |  5.2
Throwing       | 3 4 5 |  5.3
Evocations     | 1 2 3 4 |  4.2
Invocations    | 1 2 3 |  3.6
Ranged Weapons | 4 9 12 15 16 | 16.8
Fighting       | |  2.0
Dodging        | |  1.0

Action                   |  1- 3 |  4- 6 |  7- 9 | 10-12 || total
-------------------------+-------+-------+-------+-------++-------
Melee: Dagger            |    51 |    68 |     1 |    30 ||   150
       Tentacles         |     7 |    25 |    10 |     2 ||    44
       Constrict         |     6 |    29 |     9 |     3 ||    47
       Short sword       |       |    69 |    55 |       ||   124
       Punch             |       |       |       |     1 ||     1
 Fire: Triple crossbow   |       |       |   172 |   301 ||   473
Throw: Dart              |       |     2 |       |       ||     2
Invok: Shadow Step       |       |       |       |     1 ||     1
Evoke: Wand              |       |       |       |     9 ||     9
  Use: Scroll            |       |     5 |     3 |     6 ||    14
       Potion            |       |       |     1 |     2 ||     3
 Stab: Sleeping          |    20 |    16 |     6 |     1 ||    43
       Paralysed         |       |       |       |     6 ||     6
Armor: Skin              |     1 |    23 |    41 |    40 ||   105
Dodge: Dodged            |    18 |    59 |    60 |   105 ||   242
Block: Other             |       |       |    10 |     8 ||    18
       Reflection        |       |       |       |     3 ||     3

Table legend: (Time is in decaauts)
 A = Elapsed time spent in this place.
 B = Non-inter-level travel time spent in this place.
 C = Inter-level travel time spent in this place.
 D = Time resting spent in this place.
 E = Time spent auto-exploring this place.
 F = Levels seen in this place.
 G = Mean time per level.
                   A        B        C        D        E       F      G
               +--------+--------+--------+--------+--------+-----+--------+
         Total |   9544 |   9114 |    430 |   1461 |   5255 |  14 |  681.7 |
       Dungeon |   8221 |   7800 |    421 |   1028 |   4855 |  11 |  747.4 |
        Temple |     37 |     28 |      9 |      0 |      3 |   1 |   37.0 |
         Sewer |    556 |    556 |      0 |      0 |    389 |   1 |  556.0 |
        Bailey |    729 |    729 |      0 |    433 |      8 |   1 |  729.0 |
               +--------+--------+--------+--------+--------+-----+--------+

Top non-repeatable levels by time:
     D:5: 1070 daAuts
     D:8: 1007 daAuts
     D:2: 930 daAuts
    D:10: 836 daAuts
     D:9: 793 daAuts
     D:1: 730 daAuts
  Bailey: 729 daAuts
     D:4: 726 daAuts
     D:7: 694 daAuts
     D:3: 671 daAuts
   Sewer: 556 daAuts
     D:6: 547 daAuts
    D:11: 212 daAuts
  Temple: 37 daAuts
